Cogmind - Beta 9.6 @@@ ROGUE MODE // 2020.06.07 @ 22:04:22 Player: Ben'n'Dan Result: Destroyed by 8R-AWN with 8R-AWN's Boregun Performance ------------- Evolutions (0) 0 Regions Visited (3) 600 Robots Destroyed (40) 200 Value Destroyed (498) 498 Prototype IDs (2) 40 Alien Tech Used (0) 0 Bonus (-317) -317 TOTAL SCORE: 1021 Bonus ------- Follower Combat Kills 25 Friendly Fire -342 Cogmind --------- Core Integrity 0/250 Matter 232/300 Energy 90/100 System Corruption 0% Temperature Cool (0) Movement Core (400) Ox7 Location -10/Exiles Parts ------- > --- POWER (1) -------- (None) > --- PROPULSION (2) --- (None) > --- UTILITY (2) ------ Medium Storage Unit Medium Storage Unit > --- WEAPON (2) ------- Heavy Assault Rifle Shotgun > --- INVENTORY (12) --- Light Nuclear Core Light Angular Momentum Engine Light Treads Light Armor Plating Light Armor Plating Hacking Suite Beamcaster Heavy Assault Rifle Shotgun Shotgun Great Maul Peak State ------------ > --- POWER ------------ Light Nuclear Core > --- PROPULSION ------- Armored Treads Advanced Treads > --- UTILITY ---------- Medium Storage Unit Medium Storage Unit > --- WEAPON ----------- Heavy Assault Rifle Shotgun > --- INVENTORY -------- Ion Engine Ion Engine Light Nuclear Core Light Armor Plating Light Armor Plating Hacking Suite Beam Rifle Shotgun Shotgun Shotgun Grenade Launcher Great Maul [Rating: 17] Favorites ----------- Power Light Ion Engine Engine Light Ion Engine Power Core Light Nuclear Core Propulsion Aluminum Leg Treads Advanced Treads Leg Aluminum Leg Utility Medium Storage Unit Storage Medium Storage Unit Protection Light Armor Plating Weapon Small Laser Energy Gun Small Laser Ballistic Gun Light Assault Rifle Launcher Grenade Launcher Impact Weapon Great Maul Build | -11 -10 -10 -10 ------- Run | Scr Mat Min Exi Slots Evolved . | . . . . Power . | . . . . Propulsion . | . . . . Utility . | . . . . Weapon . | . . . . Parts Attached 36 | 6 13 13 4 Power 4 | 1 1 2 . Engine 3 | 1 1 1 . Core 1 | . . 1 . Reactor . | . . . . Propulsion 14 | 2 6 6 . Treads 2 | . . 2 . Leg 12 | 2 6 4 . Wheel . | . . . . Hover . | . . . . Flight . | . . . . Utility 4 | 1 3 . . Device . | . . . . Storage 3 | 1 2 . . Processor . | . . . . Hackware . | . . . . Protection 1 | . 1 . . Artifact . | . . . . Weapon 14 | 2 3 5 4 Energy Gun 2 | 1 1 . . Energy Cannon . | . . . . Ballistic Gun 10 | 1 2 5 2 Ballistic Cannon . | . . . . Launcher 1 | . . . 1 Special Weapon . | . . . . Impact Weapon 1 | . . . 1 Slashing Weapon . | . . . . Piercing Weapon . | . . . . Special Melee Weapon . | . . . . Unidentified Prototypes . | . . . . Parts Lost 5 | . 1 . 4 Power 1 | . . . 1 Propulsion 2 | . . . 2 Utility . | . . . . Weapon 2 | . 1 . 1 Highest Loss Streak 4 | . 1 . 4 Average Slot Usage (%) 98 | . 96 99 100 Engine 12 | . 14 9 14 Core 1 | . . 4 . Treads 7 | . . 13 28 Leg 20 | . 27 14 . Storage 25 | . 23 28 28 Energy Gun 9 | . 13 5 . Ballistic Gun 18 | . 14 22 22 Naked Turns . | . . . . Heaviest Build 30 | 12 24 29 30 Greatest Support 42 | 20 20 42 42 Greatest Overweight (x) 2 | . 2 1 . Average Overweight (x) . | . . . . Largest Inventory Capacity 12 | 6 12 12 12 Average Capacity 10 | 5 10 12 12 Most Carried 12 | 2 12 12 12 Average Carried 9 | 1 8 11 11 Final Capacity 12 | 6 12 12 12 Final Carried 12 | 2 12 12 11 Class Distribution -------------------- 67% | Mutant 32% | Scavenger-Mutant Dominant Class ---------------- Mutant | -10/Materials Mutant | -10/Mines Mutant | -10/Exiles Resources | -11 -10 -10 -10 ----------- Run | Scr Mat Min Exi Matter Collected 823 | 266 310 247 . Remotely . | . . . . Salvage Created 1154 | 60 796 272 26 Parts 73 | 5 47 21 . Haulers Intercepted 2 | . 2 . . Recyclers Shooed 6 | . 6 . . Parts Field Recycled . | . . . . Retrieved Matter . | . . . . Parts Self-Destructed . | . . . . Prevented . | . . . . Kills | -11 -10 -10 -10 ------- Run | Scr Mat Min Exi Combat Hostiles Destroyed 24 | . 12 5 7 Guns 17 | . 12 5 . AOE 7 | . . . 7 Classes Destroyed 9 | 1 7 . 1 Worker 3 | . 2 1 . Builder 1 | . 1 . . Tunneler 4 | 2 . 2 . Hauler 2 | . 2 . . Recycler 5 | . 4 1 . Operator 1 | . 1 . . Swarmer 8 | . 6 2 . Grunt 9 | . 6 3 . Assembled 7 | . . . 7 Best Kill Streak 7 | 2 6 2 7 Combat Bots Only 7 | . 5 2 7 Max Kills in Single Turn 3 | 1 2 1 3 Gunslinging 1 | . 1 . . Exploded 3 | . . . 3 Melee . | . . . . Uniques/NPCs Destroyed . | . . . . Combat | -11 -10 -10 -10 -------- Run | Scr Mat Min Exi Damage Taken 1445 | . 463 209 773 Core 250 | . 83 51 116 Absorbed by Shields . | . . . . Core Remaining (%) 100 | 100 . . . Volleys Fired 96 | 2 68 21 5 Largest 2 | 2 2 2 2 Hottest 60 | 60 60 60 53 Shots Fired 184 | 4 130 42 8 Gun 181 | 4 130 42 5 Cannon . | . . . . Launcher 3 | . . . 3 Special . | . . . . Kinetic 112 | 2 68 37 5 Thermal 69 | 2 62 5 . Explosive 3 | . . . 3 Electromagnetic . | . . . . Robot Hit Streak 9 | 2 9 8 6 Robot Miss Streak 5 | 1 5 3 3 Penetration Max . | . . . . Secondary Targets 2 | . 2 . . Max Gunslinging Chain 1 | . 1 . . Shots Hit Robots 115 | 2 76 30 7 Core Hits 62 | 2 34 14 12 Critical Hits . | . . . . Critical Kills . | . . . . Critical Parts Destroyed . | . . . . Melee Attacks 4 | . . . 4 Impact 4 | . . . 4 Slashing . | . . . . Piercing . | . . . . Sneak Attacks 1 | . . . 1 Combat Hostiles . | . . . . Follow-up Attacks . | . . . . Damage Inflicted 1963 | 34 960 393 576 Guns 1453 | 34 960 393 66 Cannons . | . . . . Explosions 370 | . . . 370 Melee 140 | . . . 140 Ramming . | . . . . Kinetic 933 | 12 504 351 66 Thermal 520 | 22 456 42 . Explosive 370 | . . . 370 Electromagnetic . | . . . . Impact 140 | . . . 140 Slashing . | . . . . Piercing . | . . . . Highest Corruption . | . . . . Average Corruption . | . . . . Corruption Purged . | . . . . Overload Shots . | . . . . Overflow Damage 1 | . . . 1 Projectiles . | . . . . Explosions 1 | . . . 1 Melee . | . . . . Knockbacks 1 | . . . 1 Impact 1 | . . . 1 Kinetic . | . . . . Secondary . | . . . . Self-Inflicted Damage 64 | . . . 64 Shots 2 | . . . 2 Rammed . | . . . . Targets Rammed . | . . . . Kicked . | . . . . Crushed . | . . . . Highest Temperature 54 | . 54 50 16 Average Temperature 18 | . 19 15 6 Received Heat Transfer 349 | . 150 99 100 Siege Activations . | . . . . Robots Corrupted . | . . . . Combat Hostiles . | . . . . Parts Fried . | . . . . Impact Corruptions . | . . . . Robots Melted . | . . . . Combat Hostiles . | . . . . Parts Melted 1 | . 1 . . Heat Transferred 1200 | 50 1050 100 . Parts Sabotaged . | . . . . Parts Stolen . | . . . . Parts Stripped . | . . . . Power Chain Reactions . | . . . . Missiles Intercepted . | . . . . Alert | -11 -10 -10 -10 ------- Run | Scr Mat Min Exi Peak Influence 253 | 10 253 88 . Average Influence 73 | 1 125 26 . Maximum Alert Level 1 | . 1 . . Low Security (%) 92 | 100 83 100 . Level 1 7 | . 16 . . Level 2 . | . . . . Level 3 . | . . . . Level 4 . | . . . . Level 5 . | . . . . High Security . | . . . . Max Security . | . . . . Squads Dispatched 3 | . 2 1 . Investigation 1 | . . 1 . Extermination . | . . . . Reinforcement 2 | . 2 . . Assault . | . . . . Garrison . | . . . . Intercept . | . . . . Construction Impeded . | . . . . Haulers Reinforced . | . . . . Stealth | -11 -10 -10 -10 --------- Run | Scr Mat Min Exi Distress Signals . | . . . . Communications Jammed . | . . . . Distress Signals . | . . . . Times Spotted 52 | . 35 9 8 Peak Tracking Total 9 | . 6 3 9 Tactical Retreats 8 | . 8 . . Traps | -11 -10 -10 -10 ------- Run | Scr Mat Min Exi Traps Triggered 2 | . 2 . . Indirectly . | . . . . Trap Hack Attempts . | . . . . Triggered . | . . . . Disarmed . | . . . . Reprogrammed . | . . . . Reused . | . . . . Traps Extracted . | . . . . Installed . | . . . . Triggered . | . . . . Machines | -11 -10 -10 -10 ---------- Run | Scr Mat Min Exi Machines Disabled 1 | . . . 1 Max in Single Turn 1 | . . . 1 Machines Sabotaged . | . . . . Garrisons Compromised . | . . . . Overloaded Fab Kills . | . . . . Fab Network Shutdowns . | . . . . Hacking | -11 -10 -10 -10 --------- Run | Scr Mat Min Exi Machines Accessed 7 | . 4 3 . Terminals 6 | . 4 2 . Fabricators . | . . . . Repair Stations . | . . . . Recycling Units . | . . . . Scanalyzers . | . . . . Garrison Access . | . . . . Total Hacks 10 | . 5 5 . Successful 7 | . 3 4 . Failed 3 | . 2 1 . Catastrophic 1 | . 1 . . Database Lockouts . | . . . . Manual 2 | . . 2 . Terminals 9 | . 5 4 . Fabricators . | . . . . Repair Stations . | . . . . Recycling Units . | . . . . Scanalyzers . | . . . . Garrison Access . | . . . . Terminal Hacks 7 | . 3 4 . Prototype ID Bank 1 | . 1 . . Open Door 1 | . . 1 . Branch Access Points 1 | . . 1 . Emergency Access Points 1 | . 1 . . Dispatch Records 1 | . . 1 . Zone Layout 2 | . 1 1 . Fabricator Hacks . | . . . . Repair Station Hacks . | . . . . Recycling Unit Hacks . | . . . . Scanalyzer . | . . . . Garrison Access Hacks . | . . . . Unauthorized Hacks . | . . . . Terminals . | . . . . Fabricators . | . . . . Repair Stations . | . . . . Recycling Units . | . . . . Scanalyzers . | . . . . Garrison Access . | . . . . Data Cores Recovered . | . . . . Used . | . . . . Hacking Detections 3 | . 3 . . Full Trace Events 1 | . 1 . . Feedback Events . | . . . . Feedback Blocked . | . . . . Robot Schematics Acquired . | . . . . Robots Built . | . . . . Matter . | . . . . Time . | . . . . Total Robot Build Rating . | . . . . Part Schematics Acquired . | . . . . Parts Built . | . . . . Matter . | . . . . Time . | . . . . Total Part Build Rating . | . . . . Parts Repaired . | . . . . Time . | . . . . Parts Recycled . | . . . . Recycled Matter . | . . . . Retrieved Matter . | . . . . Retrieved Components . | . . . . Parts Scanalyzed . | . . . . Part Schematics Acquired . | . . . . Parts Damaged . | . . . . Bothacking | -11 -10 -10 -10 ------------ Run | Scr Mat Min Exi Used RIF Installer . | . . . . Robots Hacked . | . . . . Non-combat . | . . . . Combat . | . . . . Robot Hacks Applied . | . . . . Relay Couplers Released . | . . . . Robots Rewired . | . . . . Allies Hacked . | . . . . Hacks Repelled . | . . . . Allies | -11 -10 -10 -10 -------- Run | Scr Mat Min Exi Total Allies 1 | . . 1 . Largest Group 1 | . . 1 . Highest-Rated Group 31 | . . 31 . Highest-Rated Ally 31 | . . 31 . Total Orders . | . . . . Ally Attacks 7 | . . 7 . Total Damage 123 | . . 123 . Kills 1 | . . 1 . Allies Corrupted . | . . . . Allies Melted . | . . . . Intel | -11 -10 -10 -10 ------- Run | Scr Mat Min Exi Robot Analysis Total . | . . . . Derelict Logs Recovered 1 | . . 1 . Drone Launches . | . . . . Drone Recoveries . | . . . . Exploration | -11 -10 -10 -10 ------------- Run | Scr Mat Min Exi Turns Passed 2058 | 61 951 966 80 Spaces Moved 1125 | 39 488 565 33 Core 3 | 3 . . . Treads 286 | . . 253 33 Legs 836 | 36 488 312 . Wheels . | . . . . Hover . | . . . . Flight . | . . . . Fastest Speed 50 | 50 120 120 157 Average Speed 147 | 114 142 152 157 Slowest Speed 180 | 120 180 165 157 Overloaded Moves . | . . . . Propulsion Burnouts . | . . . . Robots Hopped . | . . . . Cave-ins Triggered . | . . . . Exploration Rate (%) 44 | 4 72 92 11 Regions Visited 3 Branch Regions 2 Pre-discovered Areas 1 | . . 1 . Known Exits Taken . | . . . . Unknown Exits Taken 3 | 1 1 1 . Scrap Searched 3 | . . 3 . Spaces Dug . | . . . . Terrain Destroyed 17 | . . . 17 Melee . | . . . . Projectile . | . . . . AOE 17 | . . . 17 Actions | -11 -10 -10 -10 --------- Run | Scr Mat Min Exi Total 1356 | 48 627 635 46 Wait 29 | . 23 6 . Move 1122 | 38 487 564 33 Hop . | . . . . Pick Up 31 | 2 20 9 . Fast Attach 16 | 6 5 5 . Attach 2 | . 1 . 1 Detach . | . . . . Swap 18 | . 7 8 3 Drop 38 | . 16 22 . Fire 96 | 2 68 21 5 Melee 4 | . . . 4 Ram . | . . . . Kick . | . . . . Crush . | . . . . Escape Stasis . | . . . . Rewire . | . . . . Trap . | . . . . Miscellaneous . | . . . . Route ------- -11/Scrapyard -10/Materials (discovered 4 exits: [*Mat x3] / *Min) -10/Mines (discovered 2 exits: [*Mat] / [*Exi]) -10/Exiles History --------- Turn | Location | Event 20 | -11/Scrapyard | Discovered new exit (range 15) 62 | -11/Scrapyard | Entered Materials 304 | -10/Materials | Build established: Mutant 323 | -10/Materials | Discovered new exit (range 12) 528 | -10/Materials | Discovered new exit (range 8) 701 | -10/Materials | Discovered new exit (range 12) 925 | -10/Materials | Build established: Scavenger-Mutant 959 | -10/Materials | Discovered new exit (range 14) 1013 | -10/Materials | Entered Mines 1083 | -10/Mines | Met a Derelict bent on vengeance 1091 | -10/Mines | Received a Mining Laser from a helpful Derelict 1265 | -10/Mines | Learned location of Zion (-6) 1268 | -10/Mines | Discovered new exit (range 12) 1494 | -10/Mines | Met a Derelict shopkeep closing up shop 1566 | -10/Mines | Joined a pair of Derelicts in attacking an 0b10 outpost 1813 | -10/Mines | Build established: Mutant 1855 | -10/Mines | Core integrity fell below 50% 1973 | -10/Mines | Deemed a non-threat by the Exiles lab entrance 1973 | -10/Mines | Discovered new exit (range 5) 1979 | -10/Mines | Entered Exiles 2017 | -10/Exiles | Met 8R-AWN 2034 | -10/Exiles | Attacked by the Exiles 2056 | -10/Exiles | Core integrity fell below 20% 2059 | -10/Exiles | Destroyed by 8R-AWN with 8R-AWN's Boregun Last Messages --------------- 02052_ Penetrated by HV Slug. 02052_ HV Slug penetrates Earth. 02052_ Penetrated by HV Slug. 02052_ Critical hit. 02052_ Arm. Treads destroyed. 02052_ HV Slug penetrates Earth. 02055_ Penetrated by HV Slug. 02055_ HV Slug penetrates Earth. 02055_ Penetrated by HV Slug. 02055_ Critical hit. 02055_ Grenade Launcher destroyed. 02055_ HV Slug penetrates Earth. 02056_ Destroyed Prototype Protection. 02057_ Penetrated by HV Slug. 02057_ HV Slug penetrates Earth. 02057_ Penetrated by HV Slug. 02057_ HV Slug penetrates Earth. 02059_ Penetrated by HV Slug. 02059_ HV Slug penetrates Earth. 02059_ Penetrated by HV Slug. Map ----- +----------------------------------------------------+ | ?????????????????????????????????????????????????? | | ?????????????????????????????????????????????????? | | ?????????????????????????????????????????????????? | | ?????????????????????????????????????????????????? | | ?????????????????????????????????????????????????? | | ?????????????????????????????????????????????????? | | ?????????????????????????????????????????????????? | | ?????????????????????????????????????????????????? | | ?????????????????????????????????????????????????? | | ?????????????????????????????????????????????????? | | ?????????????????????????????????????????????????? | | ?????????????????????????????????????????????????? | | ?????????????????????????????????????????????????? | | ?????????????????????????????????????????????????? | | ?????????????? ??????????????????????????????????? | | ??????????????? ?????????????????????????????????? | | ???????????????? #???????????????????????????????? | | ????????????????# #??????????????????????????????? | | ?????????????????# #?????????????????????????????? | | ??????????????????# #????????????????????????? ??? | | ???????????????????# #???????????????????????# ? | | ????????????????????# #?????????????????????# # | | ?????????????????????# ##?###??????????????# | | ?????????????????????##; # #??????????????# | | ????????????????????## #?????????????## | | ????????????????????# @ #?????????????## #? | | ????????????????????# % g##????????????# #? | | ??????????????????# % ###????????### #?? | | ??????????????????# ########## #?? | | ??????????????????# #""""## #??? | | ?????????????????# * ##?? | | ??????????????? # * #?? | | ?????????????? % #### ##? | | ????????????? ""??#"""""#### ## | | ????????????? #"""#??#######??#### * | | ?????????????? #####???????????????##### | | ?????????????? #????????????????????????### | | ???????????????????????????????????????????### | | ?????????????????????????????????????????????### | | ??????????????????????????????????????????????#" | | ??????????????????????????????????????????????#### | | ?????????????????????????????????????????????????# | | ?????????????????????????????????????????????????# | | ?????????????????????????????????????????????????? | | ?????????????????????????????????????????????????? | | ?????????????????????????????????????????????????? | | ?????????????????????????????????????????????????? | | ?????????????????????????????????????????????????? | | ?????????????????????????????????????????????????? | | ?????????????????????????????????????????????????? | +----------------------------------------------------+ Best States ------------- Heat Dissipation 25 Energy Generation 14 Energy Capacity 265 Matter Stores 300 Matter Capacity 300 Sight Range 16 Terrain Scan Density 10 Armor Coverage 150 Evasion (%) 40 Recoil Reduction 2 Item Schematics ----------------- None Robot Schematics ------------------ None Fabricated ------------ Nothing Alien Tech Used ----------------- None Achievements -------------- None Challenges ------------ None Game ------ Seed IonCatalystDerivative Manual? 0 Play Time 00:13:26 Cumulative 120.6 hours Start 2020.06.07 @ 21:51:53 End 2020.06.07 @ 22:04:22 Sessions 1 Manual Loads 0 Difficulty Rogue Special Mode None Game No. 289 Rogue 281 Adventurer 8 Explorer 0 Win Type - Total 7 Types 4/0/2/1/0/0/0 Lore% 77 Gallery% 78 Achievement% 58 Wizard Run 0 Options --------- ASCII 0 Keyboard 0 Movement Mouse Keybinds 0 Fullscreen 1 Font 12/Smallcaps Map View 83x54 Tactical HUD 1 Map Filters NONE Filters NONE Steam 1 RUN: ec2f4b03-1357-43e4-8a75-c21baa12d161